 Dungeon Crawl Stone Soup version 0.25.1-2-g60ff931df9 (webtiles) character file.

Game seed: 7789374817088264593

17525 Elvor the Bludgeoner (level 12, -12/104 HPs)
             Began as a Minotaur Fighter on Sept 7, 2020.
             Was a High Priest of Okawaru.
             Shot with a bolt by a yaktaur (20 damage)
             ... on level 12 of the Dungeon.
             The game lasted 01:47:29 (12555 turns).

Elvor the Bludgeoner (Minotaur Fighter)            Turns: 12555, Time: 01:47:30

Health: -12/104    AC: 14    Str: 28    XL:     12   Next: 19%
Magic:  11/11      EV: 10    Int:  8    God:    Okawaru [*****.]
Gold:   518        SH: 13    Dex: 15    Spells: 10/11 levels left

rFire    + . .     SeeInvis .   W - +2 flail of Rytibol {flame, rPois MR++ Str+3 Stlth+}
rCold    + . .     Gourm    .   c - +0 kite shield
rNeg     . . .     Faith    .   w - +0 chain mail
rPois    +         Spirit   .   (helmet restricted)
rElec    .         Reflect  .   U - scarf {rC+ rF+}
rCorr    .         Harm     .   y - +0 pair of gloves "Peosma" {+Inv MR+ Int+3 Dex-2}
MR       ++++.                  x - +0 pair of boots
Stlth    ..........             G - amulet of magic regeneration
HPRegen  0.27/turn              J - ring of protection from magic
MPRegen  0.37/turn              I - +6 ring of dexterity

@: barbed spikes
A: retaliatory headbutt, horns 2
a: Heroism, Finesse, Renounce Religion, Evoke Invisibility


You were on level 12 of the Dungeon.
You worshipped Okawaru.
Okawaru was extremely pleased with you.
You were not hungry.

You visited 2 branches of the dungeon, and saw 13 of its levels.

You collected 863 gold pieces.
You spent 345 gold pieces at shops.

Inventory:

Hand Weapons
 F - a +0 morningstar
 S - a +3 flail
 W - the +2 flail of Rytibol (weapon) {flame, rPois MR++ Str+3 Stlth+}
   (You found it on level 10 of the Dungeon)

   It has been specially enchanted to burn those struck by it, causing extra
   injury to most foes and up to half again as much damage against particularly
   susceptible opponents.
   It affects your strength (+3).
   It protects you from poison.
   It affects your resistance to hostile enchantments.
   It makes you more stealthy.
Missiles
 n - 2 throwing nets
 s - 16 boomerangs (quivered)
 C - 36 poisoned darts
 N - 8 curare-tipped darts
Armour
 c - a +0 kite shield (worn)
 m - a +1 leather armour of fire resistance
 w - a +0 chain mail (worn)
 x - a +0 pair of boots (worn)
 y - the +0 pair of gloves "Peosma" (worn) {+Inv MR+ Int+3 Dex-2}
   (You found it on level 4 of the Dungeon)

   It affects your intelligence (+3).
   It affects your dexterity (-2).
   It affects your resistance to hostile enchantments.
   It lets you turn invisible.
 B - a +0 plate armour
 R - a +0 cloak
 T - +0 steam dragon scales
 U - a scarf of resistance (worn)
 X - +0 acid dragon scales
Jewellery
 l - an uncursed ring of protection from fire
 G - an amulet of magic regeneration (around neck)
 I - a +6 ring of dexterity (right hand)
 J - a ring of protection from magic (left hand)
 K - an uncursed ring of protection from fire
 M - a cursed ring of protection from fire
Wands
 t - a wand of flame (16)
 E - a wand of polymorph (3)
 P - a wand of acid (22)
 Q - a wand of disintegration (17)
 V - a wand of digging (6)
Scrolls
 e - 2 scrolls of amnesia
 g - 3 scrolls of magic mapping
 i - 5 scrolls of enchant weapon
 k - 5 scrolls of teleportation
 o - 4 scrolls of enchant armour
 q - 3 scrolls of fear
 r - 2 scrolls of fog
 A - 4 scrolls of blinking
 D - a scroll of holy word
Potions
 b - 4 potions of curing
 d - 5 potions of might
 h - a potion of magic
 j - 2 potions of resistance
 p - a potion of mutation {unknown}
 u - 3 potions of brilliance
 v - 2 potions of stabbing
 z - a potion of ambrosia {unknown}
 H - a potion of cancellation {unknown}
 L - a potion of invisibility {unknown}
 O - a potion of flight {unknown}
 Y - a potion of haste {unknown}
Comestibles
 f - 20 rations


   Skills:
 + Level 9.0 Fighting
 * Level 15.3 Maces & Flails
 + Level 3.6 Throwing
 + Level 10.7 Armour
 + Level 3.3 Dodging
 + Level 0.5 Stealth
 + Level 11.1 Shields
 + Level 1.0 Invocations


You had 10 spell levels left.
You knew the following spells:

 Your Spells              Type           Power        Failure   Level  Hunger
a - Apportation           Tloc           #.....       96%         1    ##.....

Your spell library contained the following spells:

 Spells                   Type           Power        Failure   Level  Hunger
 Animate Skeleton         Necr           N/A          96%         1    ##.....
 Corona                   Hex            #......      96%         1    ##.....
 Summon Small Mammal      Summ           #...         96%         1    ##.....
 Ignite Poison            Fire/Tmut/Pois #.......     100%        3    ####...
 Fireball                 Conj/Fire      #.........   100%        5    ######.
 Starburst                Conj/Fire      #.........   100%        6    #######
 Ring of Flames           Chrm/Fire      #.........   100%        7    #######
 Ignition                 Fire           #.........   100%        8    #######


Dungeon Overview and Level Annotations

Branches:
Dungeon (12/15)            Temple (1/1) D:5            Lair (0/6) D:11
    Orc (0/2) D:9

Altars:
Ashenzari
Cheibriados
Dithmenos
Elyvilon
Fedhas
Gozag
Hepliaklqana
Kikubaaqudgha
Makhleb
Nemelex Xobeh
Okawaru
Qazlal
Ru
Sif Muna
Trog
Uskayaw
Vehumet
Wu Jian
Xom
Yredelemnul
Zin
The Shining One

Shops:
D:9 :([   D:12 ?

Annotations:
D:12 1 runed translucent door, Raxipsev's ghost, journeyman FoFi


Innate Abilities, Weirdness & Mutations

You reflexively headbutt those who attack you in melee.
You have a pair of horns on your head.


Message History

Aim: a manticore (moderately wounded, extremely poisoned)
You throw a boomerang. The boomerang hits the manticore!
The manticore is heavily wounded.
The manticore flicks its tail.
You block the volley of spikes.
Throwing (i - inventory. (/) - cycle)
s - 16 boomerangs (quivered)
Press: ? - help, Shift-Dir - straight line, f/p - manticore
Aim: a manticore (heavily wounded, extremely poisoned)
You throw a boomerang. The boomerang hits the manticore.
The manticore is heavily wounded.
The yaktaur shoots a bolt.
The bolt hits you!!
* * * LOW HITPOINT WARNING * * *
Throwing (i - inventory. (/) - cycle)
s - 16 boomerangs (quivered)
Press: ? - help, Shift-Dir - straight line, f/p - manticore
Aim: a manticore (severely wounded, very poisoned)
You throw a boomerang.
The boomerang hits the manticore but does no damage.
The manticore is severely wounded.
The yaktaur shoots a bolt.
The bolt hits you!!
You die...

.... #.......# #.#
.## ....###......#
#.. .
.............# .##
# #.......#....# .
##.....)##....# .
##.....###......
.. ##....#
##...... ##...#
##.....
######.@######....
......?..H..(.....
....#.!...?...(#.
... ##..#...... ..
##.##..... . ..#
#...c ..# #...
...# #.. ...# #.


You could see a manticore (very poisoned) and a yaktaur.

Vanquished Creatures
  An ettin (D:12)
  A great orb of eyes (D:12)
  A hydra (D:12)
  The ghost of Seynul the Spear-Bearer, a novice DgGl (D:10)
  2 centaur warriors
  An unseen horror (D:12)
  A wizard (D:10)
  2 ugly things (D:12)
  An oklob plant (D:11)
  Joseph (D:7)
  Maurice (D:9)
  Maggie (D:10)
  A troll (D:9)
  A queen bee (D:9)
  3 hippogriffs
  A shadow (D:12)
  A vampire (D:9)
  3 yaks (D:10)
  A human (D:9)
  2 wyverns
  Eustachio (D:4)
  A steam dragon (D:12)
  2 hungry ghosts
  A basilisk (D:11)
  4 vampire mosquitoes (D:12)
  An acid dragon (D:10)
  A water moccasin (D:11)
  A hornet zombie (D:10)
  5 orc warriors
  2 ice beasts (D:10)
  5 sky beasts
  4 ogres
  3 black bears
  3 centaurs
  4 phantoms
  2 necrophages
  A crocodile (D:10)
  5 bullfrogs
  3 scorpions
  33 killer bees (D:9)
  6 wights
  2 howler monkeys
  3 crimson imps
  2 quasits
  2 bullfrog skeletons
  A jelly (D:7)
  7 hounds
  9 orc priests
  7 orc wizards
  2 centaur skeletons
  3 iguanas
  13 worker ants
  Terence (D:3)
  A hound skeleton (D:11)
  A mummy (D:7)
  10 gnolls
  10 adders
  2 shadow imps
  2 oozes
  3 adder zombies
  An adder skeleton (D:6)
  A worm (D:2)
  4 dart slugs
  10 leopard geckos
  47 orcs
  4 giant cockroaches
  7 goblins
  6 hobgoblins
  11 jackals
  7 quokkas
  2 ball pythons
  9 bats
  2 frilled lizards (D:2)
  A jackal skeleton (D:7)
  5 kobolds
  A quokka skeleton (D:8)
  8 rats
  3 plants (D:11)
325 creatures vanquished.

Notes
Turn   | Place    | Note
-------+----------+-------------------------------------------
     0 | D:1      | Elvor the Minotaur Fighter began the quest for the Orb.
     0 | D:1      | Reached XP level 1. HP: 19/19 MP: 0/0
   171 | D:1      | Reached XP level 2. HP: 21/27 MP: 1/1
   333 | D:1      | Reached skill level 3 in Maces & Flails
   411 | D:2      | Reached XP level 3. HP: 31/33 MP: 2/2
   440 | D:2      | Reached XP level 4. HP: 10/40 MP: 3/3
   841 | D:2      | Reached skill level 4 in Maces & Flails
  1164 | D:2      | Found an iron altar of Okawaru.
  1184 | D:2      | Became a worshipper of Warmaster Okawaru
  1631 | D:3      | Found a bloodstained altar of Trog.
  1664 | D:3      | Reached XP level 5. HP: 46/46 MP: 4/4
  1901 | D:3      | Noticed Terence
  1919 | D:3      | Killed Terence
  1919 | D:3      | Reached skill level 5 in Maces & Flails
  2245 | D:3      | Found a white marble altar of Elyvilon.
  2306 | D:3      | Found a basalt altar of Yredelemnul.
  2418 | D:3      | You fall into a shaft and drop 3 floors!
  2432 | D:6      | Noticed an orc warrior
  2442 | D:6      | Noticed a sky beast
  2443 | D:5      | Entered Level 5 of the Dungeon
  2488 | D:4      | Reached XP level 6. HP: 34/52 MP: 5/5
  2530 | D:4      | Got a pair of smoking gloves
  2536 | D:4      | Identified the cursed +0 pair of gloves "Peosma" {+Inv MR+
                  | Int+3 Dex-2} (You found it on level 4 of the Dungeon)
  2569 | D:4      | Reached skill level 6 in Maces & Flails
  2569 | D:4      | Reached skill level 1 in Dodging
  2601 | D:4      | Reached * piety under Okawaru
  2653 | D:4      | Reached skill level 5 in Armour
  2759 | D:4      | Reached skill level 5 in Shields
  2875 | D:4      | Found a stormy altar of Qazlal.
  2986 | D:4      | You fall into a shaft and drop 2 floors!
  3217 | D:5      | Reached XP level 7. HP: 58/60 MP: 6/6
  3250 | D:5      | Found a hide-covered altar of Uskayaw.
  3360 | D:4      | Noticed Eustachio
  3381 | D:4      | Killed Eustachio
  3381 | D:4      | Reached skill level 7 in Maces & Flails
  3950 | D:5      | Found a glowing silver altar of Zin.
  4009 | D:5      | Reached ** piety under Okawaru
  4177 | D:5      | Found a staircase to the Ecumenical Temple.
  4195 | Temple   | Entered the Ecumenical Temple
  4561 | D:5      | Found a shimmering altar of Xom.
  4562 | D:5      | Found an ancient bone altar of Kikubaaqudgha.
  4716 | D:5      | Reached skill level 8 in Maces & Flails
  4903 | D:5      | 5
  4951 | D:5      | Reached XP level 8. HP: 17/67 MP: 7/7
  5267 | D:6      | Found a shadowy altar of Dithmenos.
  5359 | D:6      | Reached skill level 9 in Maces & Flails
  5877 | D:7      | Noticed a hippogriff
  5886 | D:7      | Killed a hippogriff
  5886 | D:7      | Reached skill level 5 in Fighting
  5886 | D:7      | Reached skill level 10 in Maces & Flails
  5959 | D:7      | Found a snail-covered altar of Cheibriados.
  6004 | D:7      | Reached *** piety under Okawaru
  6149 | D:7      | Reached skill level 1 in Throwing
  6149 | D:7      | Reached XP level 9. HP: 74/74 MP: 8/8
  6613 | D:7      | Found an opulent altar of Gozag.
  6676 | D:7      | Noticed Joseph
  6693 | D:7      | Killed Joseph
  6693 | D:7      | Reached skill level 11 in Maces & Flails
  6884 | D:8      | Found an ornate altar of the Wu Jian Council.
  7443 | D:8      | Reached **** piety under Okawaru
  7443 | D:8      | Reached skill level 12 in Maces & Flails
  7687 | D:9      | Found Upeotte's Weapon Shoppe.
  7688 | D:9      | Found a staircase to the Orcish Mines.
  7690 | D:9      | Found Otiobagi's Armour Shoppe.
  8048 | D:9      | Noticed a queen bee
  8194 | D:9      | Killed a queen bee
  8194 | D:9      | Reached XP level 10. HP: 84/84 MP: 9/9
  8823 | D:9      | Bought a +0 pair of boots for 63 gold pieces
  9100 | D:9      | Reached skill level 13 in Maces & Flails
  9138 | D:9      | Found Tumitul's Book Shop.
  9333 | D:9      | Noticed Maurice
  9333 | D:9      | Noticed a centaur warrior
  9351 | D:9      | Killed Maurice
  9468 | D:9      | Found a shimmering blue altar of Sif Muna.
  9468 | D:9      | Found a shadowy altar of Dithmenos.
  9543 | D:9      | Killed a centaur warrior
  9721 | D:10     | Entered Level 10 of the Dungeon
  9995 | D:10     | Noticed Maggie
 10036 | D:10     | Killed Maggie
 10036 | D:10     | Reached ***** piety under Okawaru
 10036 | D:10     | Reached XP level 11. HP: 69/92 MP: 10/10
 10201 | D:10     | Got a crystal flail
 10202 | D:10     | Identified the +2 flail of Rytibol {flame, rPois MR++ Str+3
                  | Stlth+} (You found it on level 10 of the Dungeon)
 10269 | D:10     | Reached skill level 14 in Maces & Flails
 10395 | D:10     | Noticed a centaur warrior
 10398 | D:10     | Noticed a wizard
 10402 | D:10     | Killed a centaur warrior
 10406 | D:10     | Received a gift from Okawaru
 10412 | D:10     | Killed a wizard
 10413 | D:10     | Found a glowing golden altar of the Shining One.
 10589 | D:10     | Found a large runed translucent door.
 10590 | D:10     | Found a large runed translucent door.
 10590 | D:10     | Noticed Seynul's ghost (novice DgGl)
 10607 | D:10     | Killed Seynul's ghost
 11097 | D:11     | Reached skill level 10 in Shields
 11338 | D:11     | Learned a level 1 spell: Apportation
 11381 | D:11     | Noticed an oklob plant
 11560 | D:11     | Found a staircase to the Lair.
 11591 | D:11     | Killed an oklob plant
 11591 | D:11     | Reached skill level 10 in Armour
 11774 | D:12     | Noticed a red ugly thing
 11783 | D:12     | Killed a red ugly thing
 11783 | D:12     | Reached skill level 1 in Invocations
 11912 | D:12     | Noticed a six-headed hydra
 11923 | D:12     | Reached skill level 15 in Maces & Flails
 11932 | D:12     | Killed a six-headed hydra
 11938 | D:12     | Killed an unseen horror
 11945 | D:12     | Noticed a great orb of eyes
 11945 | D:12     | Noticed an ettin
 11981 | D:12     | Killed a great orb of eyes
 11981 | D:12     | Reached XP level 12. HP: 56/103 MP: 11/11
 12184 | D:12     | Found a runed translucent door.
 12184 | D:12     | Noticed Raxipsev's ghost (journeyman FoFi)
 12251 | D:12     | Found Fooqak's Magic Scroll Shoppe.
 12275 | D:12     | Bought a scroll of identify for 24 gold pieces
 12275 | D:12     | Bought a scroll of teleportation for 36 gold pieces
 12275 | D:12     | Bought a scroll of identify for 24 gold pieces
 12275 | D:12     | Bought a scroll of holy word for 90 gold pieces
 12275 | D:12     | Bought a scroll of fear for 42 gold pieces
 12275 | D:12     | Bought a scroll of fog for 24 gold pieces
 12275 | D:12     | Bought a scroll of magic mapping for 42 gold pieces
 12517 | D:12     | Noticed an ettin
 12532 | D:12     | Killed an ettin
 12555 | D:12     | Shot with a bolt by a yaktaur

Illustrated notes

#.##.###.#..#.........#
# ##.# #..............#
#.##.# ######.........#
#.##.##########.#######
..#.......##....#
#########.##....######
.......##'##.........#
#.####....).##.......#
#.####......##..@....#
............##.....[.#
.....#......##.......#
#..#.#......##.......#
#..#.#.......##.######
#..#.#######.##.#
##.#.##### #.##.#
##.#.#...# #.##.#
##.#.#.#[# #.##.#


Turn 4903 on D:5: 5

Levels and vault maps discovered:
D:1:      dpeg_arrival_connections, layout_rooms
D:2:      layout_loops_corners, okawaru_altar_gauntlet_db
D:3:      layout_loops_corners, kennysheep_ying_yang,
          ebering_dispersal_statue_hall, chequers_serial_rivers_small_3,
          bloody_trog, uniq_terence
D:4:      layout_loops_corners, grunt_qazlal_clouds, minivault_5, uniq_eustachio
D:5:      layout_basic, lemuel_doored_altar,
          chequers_temple_overflow_statue_of_worship,
          eat_drink_and_be_merry_uskayaw, minmay_temple_entry_stoned_glass,
          first_ration
D:6:      layout_loops_ring, basic_altar
D:7:      layout_gridville, slow_altar_1, lemuel_crystal_altar, uniq_joseph
D:8:      layout_cave_pods, nicolae_overflow_crystal_walls
D:9:      layout_rooms, gammafunk_temple_overflow_wave, orc_david_3,
          serial_shops, kennysheep_mini_moat, special_room [special_room_bee],
          wad_floor_pattern_untrapped, grunt_pizzeria,
          hangedman_abyss_or_decor_stagger, st_stairs_14,
          minmay_misc_feat_nine_boxes, uniq_maurice
D:10:     layout_roguey, ebering_ghost_disaster_area, minmay_ruined_shrine,
          uniq_maggie
D:11:     layout_cave_pools, dpeg_oklobed_lair
D:12:     minmay_outward_triangles, layout_loops_ring, serial_shops,
          nicolae_shop_temple_entry_statues_fountains,
          ebering_ghost_reflecting_pool
Temple:   compressed_dpeg_triangle_lava_temple

Skill      XL: |  1  2  3  4  5  6  7  8  9 10 11 12 |
---------------+-------------------------------------+-----
Armour         | 4 5 6 7 8 10 | 10.7
Maces & Flails | 3 4 5 6 8 10 12 13 15 | 15.3
Shields        | 4 5 6 7 9 10 11 | 11.1
Fighting       | 4 5 6 7 8 9 |  9.0
Dodging        | 1 2 3 |  3.3
Throwing       | 1 2 3 |  3.6
Invocations    | 1 |  1.0
Stealth        | |  0.5

Action                   |  1- 3 |  4- 6 |  7- 9 | 10-12 || total
-------------------------+-------+-------+-------+-------++-------
Melee: Flail             |    72 |   137 |       |   305 ||   514
       Headbutt          |    13 |    28 |    85 |   121 ||   247
       Mace              |       |    42 |   271 |       ||   313
       Morningstar       |       |       |   198 |   204 ||   402
Throw: Dart              |       |       |    24 |    33 ||    57
       Boomerang         |       |       |     5 |     5 ||    10
Invok: Heroism           |       |       |     3 |     9 ||    12
       Finesse           |       |       |       |     1 ||     1
  Use: Scroll            |       |     4 |     7 |     8 ||    19
       Potion            |       |       |       |    10 ||    10
  Eat: Chunk             |       |     5 |     6 |     2 ||    13
       Ration            |       |     1 |     4 |     5 ||    10
Armor: Scale mail        |    35 |    28 |       |       ||    63
       Chain mail        |       |    46 |   178 |   221 ||   445
Dodge: Dodged            |    14 |    54 |    99 |   189 ||   356
Block: Kite shield       |    37 |    99 |   206 |   328 ||   670
